 Dungeon Crawl Stone Soup version 0.25.1-8-g42b30a86e7 (webtiles) character file.

Game seed: 11409802773518811435

141 Clowwww the Skirmisher (level 5, 0/41 HPs)
             Began as a Demonspawn Fighter on Dec 20, 2020.
             Succumbed to a worker ant's poison
             ... on level 4 of the Dungeon.
             The game lasted 00:03:38 (1202 turns).

Clowwww the Skirmisher (Demonspawn Fighter)         Turns: 1202, Time: 00:03:38

Health: 0/41       AC:  6    Str: 17    XL:     5   Next: 3%
Magic:  5/5        EV:  8    Int: 10    God:
Gold:   69         SH:  9    Dex: 12    Spells: 4/4 levels left

rFire    + . .     SeeInvis .   a - +0 war axe
rCold    + . .     Gourm    .   c - +0 kite shield
rNeg     . . .     Faith    .   b - +0 scale mail
rPois    +         Spirit   .   (no helmet)
rElec    +         Reflect  .   (no cloak)
rCorr    +         Harm     .   (no gloves)
MR       .....                  (no boots)
Stlth    +.........             (no amulet)
HPRegen  0.13/turn              (no ring)
MPRegen  0.09/turn              (no ring)

@: mighty, brilliant, lethally poisoned (0 -> -4), resistant
A: sturdy frame 2
a: no special abilities


You were on level 4 of the Dungeon.
You were not hungry.

You visited 1 branch of the dungeon, and saw 4 of its levels.

You collected 69 gold pieces.

Inventory:

Hand Weapons
 a - a +0 war axe (weapon)
Armour
 b - a +0 scale mail (worn)
 c - a +0 kite shield (worn)
Jewellery
 n - a cursed ring of attention {unknown}
Scrolls
 i - a scroll of remove curse
Potions
 l - 2 potions of mutation
 m - a potion of resistance
Comestibles
 f - 3 rations


   Skills:
 + Level 3.5 Fighting
 + Level 3.0 Axes
 + Level 3.5 Armour
 + Level 0.6 Dodging
 + Level 0.1 Stealth
 + Level 3.3 Shields


You had 4 spell levels left.
You didn't know any spells.
Your spell library was empty.

Dungeon Overview and Level Annotations

Branches:
Dungeon (5/15)
 Temple: D:4-7

Altars:


Innate Abilities, Weirdness & Mutations

Your movements are less encumbered by armour. (ER -4)


Message History

You feel sick.
* * * LOW HITPOINT WARNING * * *
You feel sick.
There is a lethal amount of poison in your body!
It was a potion of resistance.
You feel protected.
* * * LOW HITPOINT WARNING * * *
You feel sick.
It was a potion of brilliance.
You feel clever all of a sudden.
There is a lethal amount of poison in your body!
* * * LOW HITPOINT WARNING * * *
You feel sick.
* * * LOW HITPOINT WARNING * * *
You feel sick.
* * * LOW HITPOINT WARNING * * *
You feel sick.
* * * LOW HITPOINT WARNING * * *
You feel sick.
You die...

...... .....#
##....# .
###..... ...
##.....#
>...#......#
...........#
...(...@>..#
................
.........##.....
.......... ....
#.......... ...
####........ ##
##........
##.....#..


There were no monsters in sight!

Vanquished Creatures
  Blork the orc (D:5)
  A worker ant (D:4)
  An adder (D:4)
  An ooze (D:5)
  4 dart slugs (D:1)
  A leopard gecko (D:1)
  An orc (D:4)
  4 goblins
  4 hobgoblins
  3 jackals
  2 kobolds (D:1)
  A bat (D:1)
  2 frilled lizards (D:1)
  4 rats (D:1)
30 creatures vanquished.

Vanquished Creatures (others)
  2 minotaurs (D:1)
  2 draconians (D:1)
  An octopode (D:1)
  A troll (D:1)
  2 vampires (D:1)
  A formicid (D:1)
  A human (D:1)
  A naga (D:1)
  A centaur (D:1)
  2 orcs (D:1)
  A kobold (D:1)
  6 tentacles (D:1)
21 creatures vanquished.

Grand Total: 51 creatures vanquished

Notes
Turn   | Place    | Note
-------+----------+-------------------------------------------
     0 | D:1      | Clowwww the Demonspawn Fighter began the quest for the Orb.
     0 | D:1      | Reached XP level 1. HP: 18/18 MP: 1/1
     2 | D:1      | Noticed an octopode
     2 | D:1      | Noticed a troll
     2 | D:1      | Noticed a vampire
     2 | D:1      | Noticed a formicid
     2 | D:1      | Noticed a human
     2 | D:1      | Noticed a naga
     2 | D:1      | Noticed a draconian
     2 | D:1      | Noticed a kraken
     2 | D:1      | Noticed a minotaur
     2 | D:1      | Noticed a vampire
     2 | D:1      | Noticed a minotaur
     2 | D:1      | Noticed a centaur
     2 | D:1      | Noticed a draconian
     4 | D:1      | Killed a minotaur
     4 | D:1      | Killed a centaur
     6 | D:1      | Killed an octopode
     7 | D:1      | Killed a draconian
     9 | D:1      | Killed a vampire
    11 | D:1      | Killed a minotaur
    13 | D:1      | Killed a draconian
    14 | D:1      | Killed a vampire
    14 | D:1      | Killed a naga
    16 | D:1      | Killed a troll
    16 | D:1      | Killed a human
    16 | D:1      | Killed a formicid
   276 | D:1      | Gained mutation: Your movements are slightly less
                  | encumbered by armour. (ER -2) [demonic ancestry]
   276 | D:1      | Reached XP level 2. HP: 22/24 MP: 2/2
   912 | D:1      | Reached XP level 3. HP: 29/29 MP: 3/3
  1108 | D:2      | You fall into a shaft and drop 2 floors!
  1150 | D:5      | Entered Level 5 of the Dungeon
  1171 | D:5      | Noticed Blork the orc
  1174 | D:5      | Killed Blork the orc
  1174 | D:5      | Gained mutation: Your movements are less encumbered by
                  | armour. (ER -4) [demonic ancestry]
  1174 | D:5      | Reached XP level 4. HP: 26/35 MP: 4/4
  1192 | D:4      | Reached XP level 5. HP: 7/41 MP: 5/5
  1197 | D:4      | HP: 2/41 [poisoned by a worker ant]
  1202 | D:4      | Succumbed to a worker ant's poison

Illustrated notes

Levels and vault maps discovered:
D:1:      nicolae_arrival_kraken_aquarium_b, layout_basic
D:2:      layout_loops_ring, grunt_decor_mini_mirrors
D:4:      layout_cave_pools, cheibriados_altar_1, marbit_many_paths,
          first_ration
D:5:      layout_cave_pools, uniq_blork_the_orc

Skill      XL: |  1  2  3 |
---------------+----------+-----
Axes           | 2 3 |  3.0
Armour         | 3 |  3.5
Shields        | 3 |  3.3
Fighting       | |  3.5
Dodging        | |  0.6
Stealth        | |  0.1

Action                   |  1- 3 |  4- 6 || total
-------------------------+-------+-------++-------
Melee: War axe           |    84 |     7 ||    91
  Use: Scroll            |     5 |       ||     5
       Potion            |     1 |     2 ||     3
  Eat: Chunk             |     1 |       ||     1
Armor: Scale mail        |    39 |     1 ||    40
Dodge: Dodged            |    28 |     1 ||    29
Block: Kite shield       |    58 |     4 ||    62
